 Dungeon Crawl Stone Soup version 0.28-a0-1435-g82390b3a13 (webtiles) character file.

Game seed: 3846830524681674199

75 oldriver the Skirmisher (level 4, -1/37 HPs)
             Began as a Demonspawn Chaos Knight on Jan 9, 2022.
             Was a Plaything of Xom.
             Slain by Sigmund (8 damage)
             ... on level 3 of the Dungeon.
             The game lasted 00:02:13 (1823 turns).

oldriver the Skirmisher (Demonspawn Chaos Knight)   Turns: 1823, Time: 00:02:13

Health: -1/37      AC:  5    Str: 12 (15) XL:     4   Next: 11%
Magic:  4/4        EV: 11    Int: 12 (13) God:    Xom [..*...]
Gold:   75         SH:  0    Dex: 11 (12) Spells: 3/3 levels left

rFire   . . .      SeeInvis .   d - +2 spear (vamp)
rCold   . . .      Faith    .   (no shield)
rNeg    . . .      Spirit   .   b - +2 leather armour
rPois   .          Reflect  .   (helmet restricted)
rElec   .          Harm     .   (no cloak)
rCorr   .          Rampage  .   (no gloves)
Will    .....                   (no boots)
Stlth   +.........              (no amulet)
HPRegen 0.12/turn               (no ring)
MPRegen 0.09/turn               (no ring)

@: no status effects
A: antennae 1, powered by pain 2
a: Renounce Religion


You were on level 3 of the Dungeon.
You worshipped Xom.
You were a toy of Xom.
You visited 1 branch of the dungeon, and saw 3 of its levels.

You collected 75 gold pieces.

Inventory:

Hand Weapons
 a - a +0 spear of chaos
 d - a +2 vampiric spear (weapon)
Armour
 b - a +2 leather armour (worn)
Scrolls
 h - a scroll of teleportation {unknown}
Potions
 e - a potion of attraction {unknown}
 f - a potion of curing {unknown}
 g - a potion of magic {unknown}


   Skills:
 * Level 4.1 Fighting
 + Level 3.2 Polearms
 - Level 1.7 Armour
 + Level 1.9 Dodging


You had 3 spell levels left.
You didn't know any spells.
Your spell library was empty.

Dungeon Overview and Level Annotations

Branches:
Dungeon (3/15)

Altars:

Annotations:
D:3 Sigmund


Innate Abilities, Weirdness & Mutations

You have a pair of small antennae on your head.
You sometimes gain power by taking damage.


Message History

You are too confused!
You are too confused!
You are too confused!
Sigmund gestures at you while chanting. The magic dart hits you.
You bump into the rock wall.
Sigmund gestures at you while chanting. The magic dart hits you.
You hit Sigmund but do no damage. You punch Sigmund.
Sigmund is severely wounded.
Sigmund casts a spell at you. The puff of flame misses you.
You hit Sigmund.
You feel better.
Sigmund is almost dead.
Sigmund points at you and mumbles some strange words.
The puff of flame hits you!
You bump into the rock wall.
Sigmund closely misses you.
You're too confused to move!
You barely miss Sigmund.
Sigmund is almost dead.
You feel less confused. Sigmund gestures at you while chanting.
You are confused.
Xom smiles on you.
You feel better. Sigmund gestures at you while chanting.
The puff of flame hits you. Sigmund closely misses you.
You barely miss Sigmund.
Sigmund is almost dead.
Sigmund hits you with a +0 scythe!
* * * LOW HITPOINT WARNING * * *
You hit Sigmund but do no damage. Your punch misses Sigmund.
Sigmund is almost dead.
It was a potion of degeneration.
There was something very wrong with that liquid.
You feel weakened.
You feel dopey.
You feel clumsy.
Xom is amused.
Sigmund hits you with a +0 scythe!
You die...

## ..#
##########..#
+......†.....
#.##.....#...
#.#......+
#@#......#
#@#......#
.J#...#######
...+.........#
#####....####.#
+.......#.#
##....##.#.#
#.......<#.#
#.##.##....#


You could see Sigmund and an endoplasm.

Vanquished Creatures
  Robin (D:2)
  3 dart slugs
  3 ball pythons
  2 bats (D:1)
  6 endoplasms
  A giant cockroach (D:1)
  11 goblins
  13 hobgoblins
  3 kobolds
  A quokka (D:2)
  3 frilled lizards
  A rat (D:3)
48 creatures vanquished.

Notes
Turn   | Place    | Note
-------+----------+-------------------------------------------
     0 | D:1      | oldriver the Demonspawn Chaos Knight began the quest for
                  | the Orb.
     0 | D:1      | Reached XP level 1. HP: 18/18 MP: 1/1
    14 | D:1      | XOM: silly message
   144 | D:1      | Reached skill level 1 in Dodging
   149 | D:1      | XOM: silly message
   198 | D:1      | Gained mutation: You sometimes gain a little power by
                  | taking damage. [demonic ancestry]
   198 | D:1      | Reached XP level 2. HP: 22/24 MP: 2/2
   526 | D:1      | XOM: silly message
   609 | D:1      | Gained mutation: You sometimes gain power by taking damage.
                  | [demonic ancestry]
   609 | D:1      | Reached XP level 3. HP: 23/29 MP: 3/3
  1156 | D:2      | Identified the +0 helmet of Togget {*Corrode rElec rC-
                  | Int+9}
  1156 | D:2      | Noticed Robin
  1272 | D:1      | XOM: silly message
  1367 | D:2      | XOM: blink monster(s)
  1549 | D:2      | Reached skill level 4 in Fighting
  1557 | D:2      | XOM: silly message
  1668 | D:2      | Killed Robin
  1669 | D:2      | Gained mutation: You have a pair of small antennae on your
                  | head. [demonic ancestry]
  1669 | D:2      | Reached XP level 4. HP: 37/37 MP: 4/4
  1794 | D:3      | Noticed Sigmund
  1809 | D:3      | XOM: noise
  1819 | D:3      | XOM: potion effect (curing)
  1823 | D:3      | Slain by Sigmund

Illustrated notes

Levels and vault maps discovered:
D:1:      evilmike_arrival_hilbert_curve, layout_loops_ring, st_stairs_5,
          kennysheep_crisscross
D:2:      layout_rooms, uniq_robin
D:3:      layout_basic, uniq_jessica, uniq_sigmund

Skill      XL: |  1  2  3 |
---------------+----------+-----
Dodging        | 1 |  1.9
Polearms       | 3 |  3.2
Fighting       | 4 |  4.1
Armour         | |  1.7

Action                   |  1- 3 |  4- 6 || total
-------------------------+-------+-------++-------
Melee: Spear             |   132 |    21 ||   153
       Punch             |       |     1 ||     1
  Use: Potion            |       |     1 ||     1
 Stab: Sleeping          |     2 |       ||     2
Armor: Leather armour    |    20 |     1 ||    21
Dodge: Dodged            |    49 |     9 ||    58

Table legend: (Time is in decaauts)
 A = Elapsed time spent in this place.
 B = Non-inter-level travel time spent in this place.
 C = Inter-level travel time spent in this place.
 D = Time resting spent in this place.
 E = Time spent auto-exploring this place.
 F = Levels seen in this place.
 G = Mean time per level.
                   A        B        C        D        E       F      G
               +--------+--------+--------+--------+--------+-----+--------+
         Total |   1817 |   1723 |     94 |    267 |   1088 |   3 |  605.7 |
       Dungeon |   1817 |   1723 |     94 |    267 |   1088 |   3 |  605.7 |
               +--------+--------+--------+--------+--------+-----+--------+

Top non-repeatable levels by time:
     D:1: 1271 daAuts
     D:2: 491 daAuts
     D:3: 55 daAuts
